TOP OF THE 1ST |
---|
Atlantic City War Dogs batting - Pitching for Washington DC Hot Sauce : RHP Brock Corless | Pitching: RHP Brock Corless | | Batting: RHB Roberto Díaz | 0-0: Called Strike 0-1: Swinging Strike 0-2: Ball 1-2: Foul Ball, location: 2F 1-2: Ball 2-2: Ball 3-2: Base on Balls | Batting: SHB Pedro Torres | 0-0: Called Strike Roberto Díaz steals 2nd base 0-1: Ground out 5-3 (Groundball, 56S) Roberto Díaz to third | Batting: RHB Kevin Robinson | 0-0: Called Strike 0-1: Ball 1-1: Foul Ball, location: 2F 1-2: Ground out 4-3 (Groundball, 4) Roberto Díaz scores | Batting: RHB David Gallardo | 0-0: Ball 1-0: Ball 2-0: Swinging Strike 2-1: Foul Ball, location: 2F 2-2: Strikes out swinging | Top of the 1st over - 1 run, 0 hits, 0 errors, 0 left on base; Atlantic City 1 - Washington DC 0 | BOTTOM OF THE 1ST |
---|
Washington DC Hot Sauce batting - Pitching for Atlantic City War Dogs : LHP Norberto Villaneda | Pitching: LHP Norberto Villaneda | | Batting: RHB Daniel Pineda | 0-0: Ball 1-0: SINGLE (Flyball, 7LS) | Batting: SHB Ethan Finley | 0-0: Swinging Strike 0-1: Ball 1-1: Swinging Strike 1-2: Ball 2-2: Strikes out looking | Batting: RHB Kenny Miller | 0-0: Called Strike 0-1: Ball 1-1: Swinging Strike 1-2: Foul Ball, location: 2F 1-2: Foul Ball, location: 2F 1-2: Strikes out swinging | Batting: RHB Nelson Wright | 0-0: Fly out, F7 (Flyball, 7D) | Bottom of the 1st over - 0 runs, 1 hit, 0 errors, 1 left on base; Atlantic City 1 - Washington DC 0 | TOP OF THE 2ND |
---|
Atlantic City War Dogs batting - Pitching for Washington DC Hot Sauce : RHP Brock Corless | Batting: LHB Tomás Mata | 0-0: Foul Ball, location: 2F 0-1: Ball 1-1: Foul Ball, location: 2F 1-2: Ball 2-2: Foul Ball, location: 2F 2-2: Foul Ball, location: 2F 2-2: Ground out 4-3 (Groundball, 6M) | Batting: RHB José Corral | 0-0: Ball 1-0: Called Strike 1-1: Called Strike 1-2: Ball 2-2: Ball 3-2: Strikes out looking | Batting: SHB Luis Días | 0-0: Called Strike 0-1: Fly out, F7 (Line Drive, 7S) | Top of the 2nd over - 0 runs, 0 hits, 0 errors, 0 left on base; Atlantic City 1 - Washington DC 0 | BOTTOM OF THE 2ND |
---|
Washington DC Hot Sauce batting - Pitching for Atlantic City War Dogs : LHP Norberto Villaneda | Batting: RHB José Isla | 0-0: Ball 1-0: Ball 2-0: Swinging Strike 2-1: DOUBLE (Line Drive, 78D) | Pinch Runner at 2nd Myron Reynolds: | | Batting: RHB Jesús García | 0-0: Called Strike 0-1: Ball Wild Pitch! Myron Reynolds to third 1-1: Ball 2-1: Ball 3-1: Base on Balls | Batting: RHB Eric Schroeder | 0-0: Called Strike 0-1: Ball 1-1: Foul Ball, location: 2F 1-2: Ball 2-2: Ball 3-2: Fly out, F8 (Flyball, 8RS) Runner from 3rd tags up, SCORES, no throw | Batting: SHB Jared Calhoun | 0-0: Grounds into double play, 1-6-3 (Groundball, P) | Bottom of the 2nd over - 1 run, 1 hit, 0 errors, 0 left on base; Atlantic City 1 - Washington DC 1 | TOP OF THE 3RD |
---|
Atlantic City War Dogs batting - Pitching for Washington DC Hot Sauce : RHP Brock Corless | Now in LF: Myron Reynolds | | Batting: RHB Roberto García | 0-0: Ground out 5-3 (Groundball, 56S) | Batting: RHB Jesús León | 0-0: Ball 1-0: Swinging Strike 1-1: Foul Ball, location: 2F 1-2: Strikes out looking | Batting: RHB Roberto Díaz | 0-0: Ball 1-0: Ball 2-0: Called Strike 2-1: Ball 3-1: Base on Balls | Batting: SHB Pedro Torres | 0-0: Called Strike 0-1: Ball 1-1: Ball 2-1: Ball 3-1: Foul Ball, location: 2F 3-2: Foul Ball, location: 2F 3-2: Strikes out swinging | Top of the 3rd over - 0 runs, 0 hits, 0 errors, 1 left on base; Atlantic City 1 - Washington DC 1 | BOTTOM OF THE 3RD |
---|
Washington DC Hot Sauce batting - Pitching for Atlantic City War Dogs : LHP Norberto Villaneda | Batting: RHB Eric Adams | 0-0: Swinging Strike 0-1: Foul Ball, location: 2F 0-2: Ball 1-2: Ball 2-2: Ball 3-2: Foul Ball, location: 2F 3-2: Strikes out swinging | Batting: RHB Daniel Pineda | 0-0: Foul Ball, location: 2F 0-1: Ground out U3 (Groundball, 34S) | Batting: SHB Ethan Finley | 0-0: Bunt for hit - play at first, batter OUT! 5-3 | Bottom of the 3rd over - 0 runs, 0 hits, 0 errors, 0 left on base; Atlantic City 1 - Washington DC 1 | TOP OF THE 4TH |
---|
Atlantic City War Dogs batting - Pitching for Washington DC Hot Sauce : RHP Brock Corless | Batting: RHB Kevin Robinson | 0-0: Ball 1-0: Called Strike 1-1: Fly out, F9 (Line Drive, 89D) | Batting: RHB David Gallardo | 0-0: Called Strike 0-1: Ball 1-1: Called Strike 1-2: Ball 2-2: Ball 3-2: Strikes out swinging | Batting: LHB Tomás Mata | 0-0: Ball 1-0: Called Strike 1-1: Swinging Strike 1-2: Fly out, F8 (Flyball, 8LM) | Top of the 4th over - 0 runs, 0 hits, 0 errors, 0 left on base; Atlantic City 1 - Washington DC 1 | BOTTOM OF THE 4TH |
---|
Washington DC Hot Sauce batting - Pitching for Atlantic City War Dogs : LHP Norberto Villaneda | Batting: RHB Kenny Miller | 0-0: Called Strike 0-1: Reached on error, E4 (Groundball, 4) | Batting: RHB Nelson Wright | 0-0: Ball 1-0: Ball 2-0: Swinging Strike 2-1: Foul Ball, location: 2F 2-2: Ball 3-2: Foul Ball, location: 2F 3-2: SINGLE (Line Drive, 7S) Kenny Miller to second | Batting: LHB Myron Reynolds | 0-0: Ball 1-0: Fly out, F7 (Flyball, 7D) | Batting: RHB Jesús García | 0-0: Ball 1-0: Called Strike 1-1: Foul Ball, location: 2F 1-2: Ball 2-2: Ball 3-2: Foul Ball, location: 2F 3-2: Base on Balls Kenny Miller to third Nelson Wright to second | Batting: RHB Eric Schroeder | 0-0: Called Strike 0-1: SINGLE (Groundball, 6MD) Kenny Miller scores Nelson Wright to third Jesús García to second Runner from 3rd tries for Home, SAFE, no throw | Batting: SHB Jared Calhoun | 0-0: Ball 1-0: Called Strike 1-1: Foul Ball, location: 2F 1-2: Foul Ball, location: 2F 1-2: Foul Ball, location: 2F 1-2: Foul Ball, location: 2F 1-2: Grounds into double play, 6-4-3 (Groundball, 6) | Bottom of the 4th over - 2 runs, 2 hits, 1 error, 1 left on base; Atlantic City 1 - Washington DC 3 | TOP OF THE 5TH |
---|
Atlantic City War Dogs batting - Pitching for Washington DC Hot Sauce : RHP Brock Corless | Batting: RHB José Corral | 0-0: Called Strike 0-1: DOUBLE (Flyball, 8RXD) | Batting: SHB Luis Días | 0-0: Ball 1-0: Called Strike 1-1: Swinging Strike 1-2: Ball 2-2: Ball 3-2: Foul Ball, location: 2F 3-2: Base on Balls | Batting: RHB Roberto García | 0-0: Ball 1-0: Called Strike 1-1: Swinging Strike 1-2: Ball 2-2: Foul Ball, location: 2F 2-2: Ball 3-2: Strikes out looking | Batting: RHB Jesús León | 0-0: Foul Ball, location: 2F 0-1: Called Strike 0-2: Ball 1-2: Foul Ball, location: 2F 1-2: Ball 2-2: Ball 3-2: Base on Balls José Corral to third Luis Días to second | Batting: RHB Roberto Díaz | 0-0: Ball 1-0: Ball 2-0: Ball 3-0: Called Strike 3-1: Base on Balls José Corral scores Luis Días to third Jesús León to second | Batting: SHB Pedro Torres | 0-0: Called Strike 0-1: SINGLE (Line Drive, 8LS) Luis Días scores Jesús León to third Roberto Díaz to second Runner from 3rd tries for Home, SAFE, no throw | Batting: RHB Kevin Robinson | 0-0: Called Strike Roberto Díaz steals 3rd base 0-1: Ball 1-1: Ball 2-1: Foul Ball, location: 2F 2-2: Ball 3-2: Fly out, F7 (Flyball, 7S) | Batting: RHB David Gallardo | 0-0: Swinging Strike 0-1: Ball 1-1: Ball Pedro Torres steals 2nd base 2-1: Called Strike 2-2: SINGLE (Groundball, 34D) Roberto Díaz scores Pedro Torres to third Runner from 3rd tries for Home, throw and OUT! | Top of the 5th over - 4 runs, 3 hits, 0 errors, 1 left on base; Atlantic City 5 - Washington DC 3 | BOTTOM OF THE 5TH |
---|
Washington DC Hot Sauce batting - Pitching for Atlantic City War Dogs : LHP Norberto Villaneda | Batting: RHB Eric Adams | 0-0: Foul Ball, location: 2F 0-1: Ball 1-1: Foul Ball, location: 2F 1-2: Ground out 5-3 (Groundball, 5S) | Batting: RHB Daniel Pineda | 0-0: Ball 1-0: Called Strike 1-1: Fly out, F8 (Flyball, 78D) | Batting: SHB Ethan Finley | 0-0: Ball 1-0: Ball 2-0: Ball 3-0: Called Strike 3-1: Base on Balls | Batting: RHB Kenny Miller | 0-0: Ball 1-0: Ball Throwing error on steal attempt, E2 Ethan Finley to third 2-0: Called Strike 2-1: Called Strike 2-2: Foul Ball, location: 2F 2-2: Fly out, F9 (Flyball, 9) | Bottom of the 5th over - 0 runs, 0 hits, 1 error, 1 left on base; Atlantic City 5 - Washington DC 3 | TOP OF THE 6TH |
---|
Atlantic City War Dogs batting - Pitching for Washington DC Hot Sauce : RHP Brock Corless | Pitching: RHP Chris Horne | | Batting: LHB Tomás Mata | 0-0: Foul Ball, location: 2F 0-1: Foul Ball, location: 2F 0-2: Ball 1-2: Strikes out swinging | Batting: RHB José Corral | 0-0: Called Strike 0-1: Foul Ball, location: 2F 0-2: Ball 1-2: Foul Ball, location: 2F 1-2: Strikes out swinging | Batting: SHB Luis Días | 0-0: Ball 1-0: Ball 2-0: Ball 3-0: Called Strike 3-1: SINGLE (Groundball, 56D) | Batting: RHB Roberto García | 0-0: Ball 1-0: Foul Ball, location: 2F 1-1: Foul Ball, location: 2F 1-2: Ball Luis Días is caught stealing 2nd base | Top of the 6th over - 0 runs, 1 hit, 0 errors, 0 left on base; Atlantic City 5 - Washington DC 3 | BOTTOM OF THE 6TH |
---|
Washington DC Hot Sauce batting - Pitching for Atlantic City War Dogs : LHP Norberto Villaneda | Batting: RHB Nelson Wright | 0-0: Ball 1-0: Ball 2-0: Called Strike 2-1: Ball 3-1: Fly out, F8 (Flyball, 8RD) | Batting: LHB Myron Reynolds | 0-0: Swinging Strike 0-1: Ball 1-1: Foul Ball, location: 2F 1-2: Ball 2-2: Foul Ball, location: 2F 2-2: Strikes out swinging | Batting: RHB Jesús García | 0-0: Ball 1-0: Foul Ball, location: 2F 1-1: Ball 2-1: Swinging Strike 2-2: Ball 3-2: Foul Ball, location: 2F 3-2: Foul Ball, location: 2F 3-2: Foul Ball, location: 2F 3-2: Strikes out swinging | Bottom of the 6th over - 0 runs, 0 hits, 0 errors, 0 left on base; Atlantic City 5 - Washington DC 3 | TOP OF THE 7TH |
---|
Atlantic City War Dogs batting - Pitching for Washington DC Hot Sauce : RHP Chris Horne | Batting: RHB Roberto García | 0-0: Called Strike 0-1: Ball 1-1: Called Strike 1-2: Ground out 6-3 (Groundball, 6) | Batting: RHB Jesús León | 0-0: Ball 1-0: Swinging Strike 1-1: Fly out, F8 (Flyball, 8RD) | Batting: RHB Roberto Díaz | 0-0: Ball 1-0: Fly out, F7 (Line Drive, 7) | Top of the 7th over - 0 runs, 0 hits, 0 errors, 0 left on base; Atlantic City 5 - Washington DC 3 | BOTTOM OF THE 7TH |
---|
Washington DC Hot Sauce batting - Pitching for Atlantic City War Dogs : LHP Norberto Villaneda | Pitching: LHP Craig Caldwell | | Batting: RHB Eric Schroeder | 0-0: Foul Ball, location: 2F 0-1: Swinging Strike 0-2: Foul Ball, location: 2F 0-2: Strikes out swinging | Batting: SHB Jared Calhoun | 0-0: Swinging Strike 0-1: Ball 1-1: Swinging Strike 1-2: Strikes out swinging | Batting: RHB Eric Adams | 0-0: Called Strike 0-1: Ball 1-1: SINGLE (Groundball, 56) (infield hit) | Batting: RHB Daniel Pineda | 0-0: Ball 1-0: Ground out 4-3 (Groundball, 4) | Bottom of the 7th over - 0 runs, 1 hit, 0 errors, 1 left on base; Atlantic City 5 - Washington DC 3 | TOP OF THE 8TH |
---|
Atlantic City War Dogs batting - Pitching for Washington DC Hot Sauce : RHP Chris Horne | Batting: SHB Pedro Torres | 0-0: Ball 1-0: Foul Ball, location: 2F 1-1: SINGLE (Line Drive, 56D) | Batting: RHB Kevin Robinson | 0-0: Called Strike 0-1: Grounds into double play, 4-6-3 (Groundball, 4MD) | Batting: RHB David Gallardo | 0-0: Ball 1-0: Called Strike 1-1: Ball 2-1: Swinging Strike 2-2: Foul Ball, location: 2F 2-2: Strikes out looking | Top of the 8th over - 0 runs, 1 hit, 0 errors, 0 left on base; Atlantic City 5 - Washington DC 3 | BOTTOM OF THE 8TH |
---|
Washington DC Hot Sauce batting - Pitching for Atlantic City War Dogs : LHP Craig Caldwell | Batting: SHB Ethan Finley | 0-0: Foul Ball, location: 2F 0-1: SINGLE (Groundball, 6MD) | Batting: RHB Kenny Miller | 0-0: SINGLE (Line Drive, 6MD) Ethan Finley to second | Batting: RHB Nelson Wright | 0-0: Ball 1-0: Foul Ball, location: 2F 1-1: Foul Ball, location: 2F 1-2: Foul Ball, location: 2F 1-2: Foul Ball, location: 2F 1-2: Ball 2-2: Foul Ball, location: 2F 2-2: Ball 3-2: Foul Ball, location: 2F 3-2: Base on Balls Ethan Finley to third Kenny Miller to second | Pinch Hitting: RHB Martín Flores | 0-0: Ball 1-0: Ball 2-0: Called Strike 2-1: Ball 3-1: Base on Balls Ethan Finley scores Kenny Miller to third Nelson Wright to second | Batting: RHB Jesús García | 0-0: Called Strike 0-1: Swinging Strike 0-2: Fly out, F9 (Flyball, 9) Throwing error, E9 Kenny Miller scores Nelson Wright to third Martín Flores to second | Batting: RHB Eric Schroeder | 0-0: Intentional Walk | Pitching: RHP Adrián Vásquez | | Batting: SHB Jared Calhoun | 0-0: Foul Ball, location: 2F 0-1: SINGLE (Line Drive, 6MD) Nelson Wright scores Martín Flores to third Eric Schroeder to second Runner from 3rd tries for Home, SAFE, no throw | Pinch Hitting: LHB Gus Price | 0-0: Ball Balk! Eric Schroeder to third Jared Calhoun to second 1-0: Intentional Walk | Pinch Hitting: RHB Tim Church | 0-0: Swinging Strike 0-1: Swinging Strike 0-2: Ball 1-2: Foul Ball, location: 2F 1-2: Strikes out swinging | Batting: SHB Ethan Finley | 0-0: Ball 1-0: Swinging Strike 1-1: Foul Ball, location: 2F 1-2: Ground out 1-3 (Groundball, 13) | Bottom of the 8th over - 4 runs, 3 hits, 1 error, 3 left on base; Atlantic City 5 - Washington DC 7 | TOP OF THE 9TH |
---|
Atlantic City War Dogs batting - Pitching for Washington DC Hot Sauce : RHP Chris Horne | Pitching: RHP Bryce Borrell | | Now at 2B: Tim Church | | Now at 3B: Larry O'Sheill | | Now in CF: Gus Price | | Batting: LHB Tomás Mata | 0-0: Foul Ball, location: 2F 0-1: Ground out 4-3 (Groundball, 4) | Batting: RHB José Corral | 0-0: Swinging Strike 0-1: Ball 1-1: Swinging Strike 1-2: Ball 2-2: Foul Ball, location: 2F 2-2: Strikes out swinging, 2-3 out at first. | Batting: SHB Luis Días | 0-0: Ball 1-0: Ground out 5-3 (Groundball, 5L) | Top of the 9th over - 0 runs, 0 hits, 0 errors, 0 left on base; Atlantic City 5 - Washington DC 7 | |